 Dungeon Crawl Stone Soup version 0.25-a0-44-g29a1220a87 (webtiles) character file.

Game seed: 4045553178558992638, levelgen mode: deterministic

15 Alarkh the Skirmisher (level 2, 24/24 HPs)
             Began as a Demonspawn Fighter on Oct 23, 2019.
             Got out of the dungeon alive.
             The game lasted 00:00:21 (215 turns).

Alarkh the Skirmisher (Demonspawn Fighter)           Turns: 215, Time: 00:00:22

Health: 24/24      AC:  8    Str: 16    XL:     2   Next: 34%
Magic:  2/2        EV:  6    Int:  9    God:
Gold:   21         SH:  8    Dex: 12    Spells: 1/1 levels left

rFire    . . .     SeeInvis .   a - +0 long sword
rCold    . . .     Gourm    .   c - +0 shield
rNeg     . . .     Faith    .   b - +0 scale mail
rPois    .         Spirit   .   (no helmet)
rElec    .         Reflect  .   (no cloak)
rCorr    .         Harm     .   (no gloves)
MR       .....                  (no boots)
Stlth    ..........             (no amulet)
HPRegen  0.08/turn              (no ring)
MPRegen  0.08/turn              (no ring)

@: no status effects
A: iridescent scales 1
a: no special abilities


You escaped.
You were not hungry.

You visited 1 branch of the dungeon, and saw 1 of its levels.

You collected 21 gold pieces.

Inventory:

Hand Weapons
 a - a +0 long sword (weapon)
Armour
 b - a +0 scale mail (worn)
 c - a +0 shield (worn)
Scrolls
 e - a scroll of enchant weapon {unknown}
 g - a scroll of blinking {unknown}
Potions
 d - a potion of might
Comestibles
 f - 2 rations
 h - 4 chunks of flesh


   Skills:
 - Level 3.0 Fighting
 + Level 2.7 Long Blades
 - Level 2.6 Armour
 - Level 2.6 Shields


You had one spell level left.
You didn't know any spells.
Your spell library was empty.

Dungeon Overview and Level Annotations

Branches:
Dungeon (1/15)

Altars:


Innate Abilities, Weirdness & Mutations

You are partially covered in iridescent scales. (AC +2)


Message History

You kill the bat!
h - 4 chunks of flesh (gained 2)
You see here a ball python skeleton. x2
A bat comes into view.
The bat completely misses you.
You riposte.
You barely miss the bat.
Found a hand axe.
A bat is nearby!
You barely miss the bat. The bat hits you but does no damage.
You block the bat's attack.
You hit the bat.
You kill the bat!
(D) Dungeon
Where to? (? - help)
Okay, then.
You see here a ball python skeleton.
You enter the shallow water.
Moving in this stuff is going to be slow.
There is a staircase leading out of the dungeon here.
Are you sure you want to leave the Dungeon?
This will make you lose the game!
You have escaped!

..........#.# .#
#..)##..##
.[..........#####.#
#.......##
........#.#.#.#.#.#
##..##....
.........#.#.#.#..#
#.....###
#.####..#.#.#.#.#.#
#..##.### #
.....#.#.#.#..#
#........
###..#.≈≈≈≈≈.#.#
#..##.###
#...#≈...≈#..#
#..##.#
###..#.≈..@≈.#.#
#..##.###
......#≈...≈#..#
#........ .
###..#.≈≈≈≈≈.#.#
##.###...
..###...#.#.#.#..#
#.# #...
......#.#.#.#.#.#
#.# #...
##....#.#.#.#..# #
#...
#...#.#.#.#.#.# #.
##'#
#.............#
#.####.#
#...######.#.##
#......#


There were no monsters in sight!

Vanquished Creatures
  A leopard gecko (D:1)
  3 giant cockroaches (D:1)
  A goblin (D:1)
  2 hobgoblins (D:1)
  A ball python (D:1)
  3 bats (D:1)
  2 rats (D:1)
13 creatures vanquished.

Notes
Turn   | Place    | Note
-------+----------+-------------------------------------------
     0 | D:1      | Alarkh the Demonspawn Fighter began the quest for the Orb.
     0 | D:1      | Reached XP level 1. HP: 18/18 MP: 1/1
    61 | D:1      | Gained mutation: You are partially covered in iridescent
                  | scales. (AC +2) [demonic ancestry]
    61 | D:1      | Reached XP level 2. HP: 17/24 MP: 2/2
   215 | D:$      | Got out of the dungeon alive.

Levels and vault maps discovered:
D:1:      ncdulo_watergridlock, layout_basic

Skill      XL: |  1 |
---------------+----+-----
Long Blades    | 2 |  2.7
Fighting       | |  3.0
Armour         | |  2.6
Shields        | |  2.6

Action                   || total
-------------------------++-------
Melee: Long sword        ||    36
Armor: Scale mail        ||    34
Dodge: Dodged            ||    15
Block: Shield            ||    27
       Rpst.: Long sword ||    10

Table legend:
 A = Non-vault XP
 B = Vault XP
 C = Vault XP percentage of total XP
 D = Non-vault monster count
 E = Vault monster count
 F = Vault count percentage of total count
                 A         B        C        D         E       F
            +---------+---------+-------+---------+---------+-------
      Total |      22 |       0 |   0.0 |      13 |       0 |   0.0
            +---------+---------+-------+---------+---------+-------
        D:1 |      22 |       0 |   0.0 |      13 |       0 |   0.0
            +---------+---------+-------+---------+---------+-------
